 Dungeon Crawl Stone Soup version 0.18-a0-1347-gb9e2fb4 (webtiles) character file.

24254 namelastname112 the Brilliant (level 12, -5/96 HPs)
             Began as a Red Draconian Artificer on Feb 18, 2016.
             Was a High Priest of Pakellas.
             Slain by a very large slime creature (48 damage)
             ... on level 12 of the Dungeon.
             The game lasted 00:36:21 (15696 turns).

namelastname112 the Brilliant (DrAr)               Turns: 15696, Time: 00:36:51

Health: -5/96      AC: 17    Str: 17    XL:     12   Next: 79%
Magic:  23/30      EV: 20    Int: 17    God:    Pakellas [*****.]
Gold:   611        SH:  0    Dex: 16    Spells: 0 memorised, 11 levels left

rFire  + + .     SeeInvis .     G - +7 quarterstaff of War {crush, rF+ rN+ MP+9 Int+2}
rCold  . . .     Gourm    .     (armour unavailable)
rNeg   + . .     Faith    .     (shield currently unavailable)
rPois  +         Spirit   .     g - +0 hat {Int+3}
rElec  .         Dismiss  .     t - +1 cloak {rPois}
rCorr  .         Reflect  .     X - +1 pair of gloves
SustAt .         Harm     .     e - +0 pair of boots
MR     .....                    (no amulet)
Stlth  ++........               r - +4 ring of protection
                                x - +2 ring of evasion

@: short of breath, not resistant to hostile enchantments, unstealthy
A: breathe fire, unfitting armour, horns 1, fire resistance 1, frail 1, strong
1, cold-blooded, AC +8
a: Breathe Fire, Quick Charge, Device Surge, Renounce Religion


You were on level 12 of the Dungeon.
You worshipped Pakellas.
Pakellas was extremely pleased with you.
You were hungry.

You visited 3 branches of the dungeon, and saw 14 of its levels.
You also visited: Labyrinth and Sewer.

You collected 845 gold pieces.
You spent 234 gold pieces at shops.

Inventory:

Hand Weapons
 D - a +1 quarterstaff of speed
 G - the +7 quarterstaff of War (weapon) {crush, rF+ rN+ MP+9 Int+2}
   (You bought it in a shop on level 12 of the Dungeon)

   It inflicts extra damage upon your enemies.
   It affects your intelligence (+2).
   It protects you from fire.
   It protects you from negative energy.
   It affects your magic capacity (+9).
 R - a +0 bardiche of protection
Missiles
 L - 2 throwing nets (quivered)
Armour
 e - a +0 pair of boots (worn)
 g - a +0 hat of intelligence (worn)
 t - a +1 cloak of poison resistance (worn)
 X - a +1 pair of gloves (worn)
Rods
 V - a +4 iron rod (9/9)
   (Pakellas gifted it to you on level 11 of the Dungeon)
 W - a +0 rod of shadows (11/12)
   (You found it on level 11 of the Dungeon)
Jewellery
 r - a +4 ring of protection (right hand)
 u - an uncursed ring of positive energy {unknown}
 x - a +2 ring of evasion (left hand)
 E - an uncursed ring of see invisible
 P - the ring of Division {*Confuse rC++ rN++ Dex-3 Stlth+}
   (You took it off a minotaur in a labyrinth)

   [ring of stealth]

   It affects your dexterity (-3).
   It greatly protects you from cold.
   It greatly protects you from negative energy.
   It may confuse you when you take damage.
   It makes you more stealthy.
Wands
 b - a wand of flame (9/48)
 c - a wand of enslavement (3/24)
 d - a wand of random effects (1/48)
 y - a wand of acid (4/15)
 K - a wand of iceblast (2/15)
 O - a wand of disintegration (11/24)
Scrolls
 m - 4 scrolls of remove curse
 n - 3 scrolls of blinking
 o - a scroll of enchant armour
 q - a scroll of recharging
 v - a scroll of enchant weapon
 B - 2 scrolls of teleportation
 F - a scroll of immolation
Potions
 a - 2 potions of brilliance
 h - 2 potions of resistance
 l - 3 potions of curing
 p - 4 potions of agility
 s - 5 potions of magic
 z - a potion of haste
 A - 7 potions of flight
 C - a potion of cancellation
 I - a potion of heal wounds
Books
 M - a book of Necromancy

   Spells                             Type                      Level
   a - Pain                           Necromancy                   1
   b - Animate Skeleton               Necromancy                   1
   c - Vampiric Draining              Necromancy                   3
   d - Regeneration                   Charms/Necromancy            3
   e - Animate Dead                   Necromancy                   4
   f - Control Undead                 Necromancy                   4
 N - a book of Conjurations

   Spells                             Type                      Level
   a - Magic Dart                     Conjuration                  1
   b - Searing Ray                    Conjuration                  2
   c - Dazzling Spray                 Conjuration/Hexes            3
   d - Fulminant Prism                Conjuration/Hexes            4
   e - Iskenderun's Mystic Blast      Conjuration                  4
   f - Iskenderun's Battlesphere      Conjuration/Charms           5
 S - Roxanne's Disquisition on Mutagenic Earth
   (You found it in a labyrinth)

   Spells                             Type                      Level
   a - Passwall                       Transmutation/Earth          2
   b - Stone Arrow                    Conjuration/Earth            3
   c - Leda's Liquefaction            Hexes/Earth                  4
   d - Petrify                        Transmutation/Earth          4
   e - Lee's Rapid Deconstruction     Earth                        5
   f - Iron Shot                      Conjuration/Earth            6
   g - Statue Form                    Transmutation/Earth          6
   h - Shatter                        Earth                        9
 T - a book of Death

   Spells                             Type                      Level
   a - Corpse Rot                     Necromancy                   2
   b - Sublimation of Blood           Necromancy                   2
   c - Agony                          Necromancy                   5
   d - Dispel Undead                  Necromancy                   5
   e - Excruciating Wounds            Charms/Necromancy            5
   f - Bolt of Draining               Conjuration/Necromancy       5
 Z - a book of Transfigurations

   Spells                             Type                      Level
   a - Irradiate                      Conjuration/Transmutation    5
   b - Statue Form                    Transmutation/Earth          6
   c - Hydra Form                     Transmutation                6
   d - Dragon Form                    Transmutation                7
Miscellaneous
 j - a plain deck of changes
 Q - a fan of gales
Comestibles
 f - 7 bread rations
 i - 2 slices of pizza
 k - 4 meat rations
 w - 21 fruits
 H - a beef jerky


   Skills:
 + Level 10.3 Fighting
   Level 1.0 Short Blades
 * Level 11.9 Staves
 + Level 8.6 Dodging
 - Level 0.8 Stealth
 * Level 12.8 Evocations


You had 11 spell levels left.
You didn't know any spells.

Dungeon Overview and Level Annotations

Branches:
Dungeon (12/15)            Temple (1/1) D:7            Lair (1/8) D:10
    Orc (0/2) D:11

Altars:
Ashenzari
Cheibriados
Dithmenos
Elyvilon
Fedhas
Gozag
Kikubaaqudgha
Makhleb
Nemelex Xobeh
Okawaru
Pakellas
Qazlal
Ru
Sif Muna
Trog
Vehumet
Xom
Yredelemnul
Zin
The Shining One

Shops:
D:9 }   D:12 (


Innate Abilities, Weirdness & Mutations

You can breathe blasts of fire.
Your fiery red scales are hard (AC +8).
Your body does not fit into most forms of armour.
Your flesh is heat resistant.
You are cold-blooded and may be slowed by cold attacks.
You have a pair of small horns on your head.
You are frail (-10% HP).
Your muscles are strong. (Str +2)


Message History

The very large slime creature is lightly wounded.
The very large slime creature is engulfed in roaring flames.
The very large slime creature hits you.
You barely miss the very large slime creature.
Your headbutt misses the very large slime creature.
You tail-slap the very large slime creature.
The very large slime creature is lightly wounded.
You sock the very large slime creature!
The very large slime creature is moderately wounded.
The very large slime creature is engulfed in roaring flames.
The very large slime creature hits you!!!
Ouch! That really hurt!
You sock the very large slime creature!
Your headbutt misses the very large slime creature.
The very large slime creature is moderately wounded.
The very large slime creature is engulfed in roaring flames.
The very large slime creature hits you!!!
Ouch! That really hurt!
You die...
Pakellas says: Back to the drawing board!

.............J....#.......#....##
.......≈........#.'.......#...##.
.≈≈≈≈≈...........##.......#...#..
≈≈≈≈≈≈.........#......>...#..##..
..≈≈≈≈...[.....#....##.##<#..#...
...............#J.........#..#...
.........#.....#.#'####...#.##..#
.####....#...(.#J#........#.#....
# #....#.....#@#..##....#.'....
#..[.#.....'....#.....#.#####
#....#.....#.##.####.........
######.....#)#.......#######.
#.....#.############# .
#######.....).......# .
#############.# . . .


You could see a very large slime creature and a slime creature.

Vanquished Creatures
  Gastronok (D:8)
  A minotaur (Lab)
  A fire dragon (D:12)
  3 hydras
  Erica (D:9)
  An unseen horror (D:12)
  4 hill giants
  Pikel (D:4)
  An ugly thing (D:12)
  A centaur zombie (D:10)
  Joseph (D:7)
  A torpor snail (shapeshifter) (D:12)
  2 gargoyles (Lab)
  2 trolls (D:12)
  A two-headed ogre (D:12)
  Grinder (D:5)
  A redback (Lab)
  A shadow (D:12)
  2 wraiths
  16 yaks
  A hippogriff (D:12)
  A hungry ghost (D:12)
  A steam dragon (D:4)
  2 vampire mosquitoes (D:12)
  Edmund (D:5)
  A mottled dragon (D:11)
  Menkaure (D:6)
  A porcupine (D:2)
  5 sky beasts
  A water moccasin (D:6)
  A necrophage (D:12)
  3 ice beasts
  2 slaves (D:4)
  13 orc warriors
  2 black bears
  A wasp (D:12)
  3 ogres
  A crocodile (Sewer)
  2 centaurs
  A big kobold (D:10)
  An elf zombie (D:9)
  A gnoll sergeant (D:7)
  11 giant frogs
  An elf skeleton (D:9)
  A water moccasin skeleton (D:5)
  6 scorpions
  12 killer bees
  5 wights
  An electric eel (D:12)
  7 crimson imps
  A wasp zombie (D:12)
  6 human zombies (D:9)
  A quasit (D:8)
  3 jellies
  3 giant frog skeletons
  4 giant frog zombies
  5 hounds
  15 orc priests
  A gnoll shaman (D:5)
  13 orc wizards
  3 centaur skeletons
  3 iguanas
  Ijyb (D:2)
  Natasha (D:2)
  A human skeleton (D:9)
  7 worker ants
  An ogre zombie (D:9)
  2 hound zombies
  A worker ant zombie (D:5)
  Robin (D:3)
  13 gnolls
  14 adders
  A river rat (D:10)
  3 shadow imps
  An adder zombie (D:9)
  2 oozes
  A worm (D:2)
  13 giant geckos
  48 orcs
  3 ball pythons
  16 bats
  A bat zombie (D:8)
  2 giant cockroaches
  21 goblins
  12 hobgoblins
  13 jackals
  8 quokkas
  A ball python zombie (D:6)
  A giant gecko skeleton (D:6)
  5 giant newts
  A jackal skeleton (D:7)
  16 kobolds
  A quokka zombie (D:5)
  18 rats
  2 rat zombies (D:8)
  A fungus (D:10)
424 creatures vanquished.

Vanquished Creatures (collateral kills)
  A deep elf mage (D:12)
  A gargoyle (D:11)
  A vampire (D:12)
  A yak (D:12)
  A hippogriff (D:12)
  A soldier ant (D:12)
  An orc warrior (D:12)
  2 ogres
  An orc priest (D:11)
  A shadow imp (D:12)
  An orc (D:11)
  A bat (D:2)
  A kobold (D:2)
14 creatures vanquished.

Vanquished Creatures (others)
  An orc warrior (D:7)
  A hound (D:4)
  A gnoll (D:5)
  A jackal (Sewer)
4 creatures vanquished.

Grand Total: 442 creatures vanquished

Notes
Turn   | Place    | Note
--------------------------------------------------------------
     0 | D:1      | namelastname112 the Draconian Artificer began the quest for the Orb.
     0 | D:1      | Reached XP level 1. HP: 16/16 MP: 3/3
   324 | D:1      | Reached XP level 2. HP: 18/24 MP: 4/4
   897 | D:1      | Reached XP level 3. HP: 30/30 MP: 5/5
  1616 | D:2      | Noticed Ijyb
  1671 | D:2      | Killed Ijyb
  1671 | D:2      | Reached XP level 4. HP: 16/37 MP: 6/6
  2588 | D:2      | Noticed Crazy Yiuf
  2712 | D:2      | Noticed Crazy Yiuf
  2712 | D:2      | Crazy Yiuf changed into Crazy Yiuf the porcupine
  2908 | D:2      | Killed Crazy Yiuf the porcupine
  2908 | D:2      | Reached skill level 4 in Evocations
  2908 | D:2      | Reached XP level 5. HP: 43/45 MP: 6/8
  2955 | D:2      | Noticed Natasha
  2969 | D:2      | Killed Natasha
  3491 | D:3      | Noticed Robin
  3616 | D:3      | Reached skill level 1 in Staves
  3649 | D:3      | Reached XP level 6. HP: 50/52 MP: 9/9
  3686 | D:3      | Killed Robin
  3888 | D:3      | Found a glowing golden altar of the Shining One.
  3894 | D:3      | Found an iron altar of Okawaru.
  3895 | D:3      | Found a white marble altar of Elyvilon.
  3896 | D:3      | Found a bloodstained altar of Trog.
  3897 | D:3      | Found a shimmering altar of Xom.
  3898 | D:3      | Found a burning altar of Makhleb.
  3957 | D:3      | Reached skill level 5 in Evocations
  4154 | D:4      | Noticed a steam dragon
  4154 | D:4      | an orc priest changed into a steam dragon
  4156 | D:4      | Killed a steam dragon
  4156 | D:4      | Reached XP level 7. HP: 50/60 MP: 9/11
  4156 | D:4      | Your scales start taking on a fiery red colour.
  4156 | D:4      | Gained mutation: Your flesh is heat resistant. [Red Draconian growth]
  4718 | D:5      | Entered Level 5 of the Dungeon
  4718 | D:5      | Noticed Pikel
  4786 | D:4      | Killed Pikel
  4786 | D:4      | Reached skill level 5 in Fighting
  4786 | D:4      | Reached skill level 6 in Evocations
  4786 | D:4      | Reached XP level 8. HP: 42/68 MP: 12/12
  4833 | D:5      | Found a shattered altar of Ashenzari.
  4864 | D:5      | Noticed Edmund
  4893 | D:5      | Killed Edmund
  4984 | D:5      | Reached skill level 5 in Staves
  5000 | D:5      | Noticed Grinder
  5029 | D:5      | Paralysed by Grinder for 3 turns
  5036 | D:5      | Killed Grinder
  5036 | D:5      | Reached skill level 7 in Evocations
  5495 | D:5      | Reached XP level 9. HP: 52/75 MP: 14/14
  5498 | D:5      | Reached skill level 5 in Dodging
  5787 | D:6      | Noticed Menkaure
  5790 | D:6      | Killed Menkaure
  6056 | D:6      | Found a glowing drain.
  6061 | Sewer    | Entered a sewer
  6127 | Sewer    | Got a warped quarterstaff
  6134 | Sewer    | Identified the +1 quarterstaff "Qiry" {crush, Fragile rN+ Int+3} (You found it in a sewer)
  6257 | D:6      | Reached skill level 8 in Evocations
  6287 | D:6      | Found a radiant altar of Vehumet.
  6456 | D:7      | Noticed Joseph
  6512 | D:7      | Killed Joseph
  6978 | D:7      | Reached XP level 10. HP: 51/86 MP: 16/16
  7317 | D:7      | Found a staircase to the Ecumenical Temple.
  7339 | Temple   | Entered the Ecumenical Temple
  7473 | D:7      | Reached skill level 9 in Evocations
  7898 | D:7      | Gained mutation: Your spells are a little easier to cast, but a little less powerful. [potion of mutation]
  7898 | D:7      | Gained mutation: You passively map a small area around you. [potion of mutation]
  7898 | D:7      | Gained mutation: Your large and strong wings let you fly indefinitely. [potion of mutation]
  7899 | D:7      | Gained mutation: Your magical capacity is low (-10% MP). [potion of mutation]
  7899 | D:7      | Gained mutation: Your muscles are strong. (Str +2) [potion of mutation]
  7899 | D:7      | Lost mutation: You passively map a small area around you. [potion of mutation]
  7900 | D:7      | Lost mutation: Your large and strong wings let you fly indefinitely. [potion of mutation]
  7900 | D:7      | Gained mutation: You are frail (-10% HP). [potion of mutation]
  7900 | D:7      | Gained mutation: Your body sometimes deteriorates upon taking damage. [potion of mutation]
  7901 | D:7      | Lost mutation: Your spells are a little easier to cast, but a little less powerful. [potion of cure mutation]
  7901 | D:7      | Lost mutation: Your magical capacity is low (-10% MP). [potion of cure mutation]
  7901 | D:7      | Lost mutation: You are frail (-10% HP). [potion of cure mutation]
  7955 | D:8      | Noticed Gastronok
  8147 | D:8      | HP: 4/86 [something (33)]
  8483 | D:8      | Killed Gastronok
  8587 | D:8      | Found an oddly glowing altar of Pakellas.
  8591 | D:8      | Became a worshipper of Pakellas the Inventive
  8840 | D:8      | Found an opulent altar of Gozag.
  8840 | D:8      | Found a glowing silver altar of Zin.
  8949 | D:8      | Gained mutation: You have a pair of small horns on your head. [mutagenic meat]
  8950 | D:8      | Gained mutation: You are frail (-10% HP). [mutagenic meat]
  8951 | D:8      | Lost mutation: Your body sometimes deteriorates upon taking damage. [mutagenic meat]
  9004 | D:8      | Found an ancient bone altar of Kikubaaqudgha.
  9266 | D:9      | Noticed Erica
  9274 | D:9      | Killed Erica
  9274 | D:9      | Reached skill level 10 in Evocations
  9336 | D:9      | Reached * piety under Pakellas
  9362 | D:9      | Found a blossoming altar of Fedhas.
  9621 | D:9      | Reached XP level 11. HP: 80/84 MP: 18/18
  9624 | D:9      | Found a basalt altar of Yredelemnul.
  9845 | D:9      | Reached ** piety under Pakellas
  9845 | D:9      | Received a gift from Pakellas
 10112 | D:9      | Found Efum's Quality Used Wands.
 10215 | D:10     | Entered Level 10 of the Dungeon
 10463 | D:10     | Found a staircase to the Lair.
 10523 | D:10     | Reached *** piety under Pakellas
 10581 | D:10     | Found a stormy altar of Qazlal.
 10583 | D:10     | Noticed a hill giant
 10591 | D:10     | Killed a hill giant
 10859 | D:10     | Noticed a hill giant
 10868 | D:10     | Killed a hill giant
 10868 | D:10     | Reached skill level 10 in Staves
 11125 | D:10     | Reached skill level 11 in Evocations
 11490 | Lair:1   | Entered Level 1 of the Lair of Beasts
 11510 | Lair:1   | Found a labyrinth entrance.
 11520 | Lab      | Entered a labyrinth
 12188 | Lab      | Noticed a minotaur
 12238 | Lab      | Killed a minotaur
 12241 | Lab      | Got a clouded silver ring
 12278 | Lab      | Identified Roxanne's Disquisition on Mutagenic Earth
 12543 | D:10     | Identified the ring of Division {*Confuse rC++ rN++ Dex-3 Stlth+} (You took it off a minotaur in a labyrinth)
 12747 | D:11     | Reached **** piety under Pakellas
 12747 | D:11     | Received a gift from Pakellas
 12900 | D:11     | Found a glowing golden altar of the Shining One.
 13243 | D:11     | Reached XP level 12. HP: 54/93 MP: 20/20
 13639 | D:11     | Noticed an eight-headed hydra
 13671 | D:11     | Killed an eight-headed hydra
 13939 | D:11     | Found a staircase to the Orcish Mines.
 14075 | D:12     | Found a sparkling altar of Nemelex Xobeh.
 14093 | D:12     | Reached skill level 12 in Evocations
 14100 | D:12     | Reached ***** piety under Pakellas
 14496 | D:12     | Identified a cursed +0 rod of shadows (12/12) (You found it on level 11 of the Dungeon)
 14554 | D:12     | Noticed an eight-headed hydra
 14559 | D:12     | Killed an eight-headed hydra
 14882 | D:12     | Noticed a fire dragon
 14885 | D:12     | Reached skill level 10 in Fighting
 14911 | D:12     | Noticed a ghost crab
 14911 | D:12     | a ghost crab changed into a lindwurm
 14917 | D:12     | Killed a fire dragon
 15232 | D:12     | Found Tel Qirch's Antique Weapon Boutique.
 15606 | D:12     | Bought an ancient quarterstaff for 234 gold pieces
 15606 | D:12     | Identified the +7 quarterstaff of War {crush, rF+ rN+ MP+9 Int+2} (You bought it in a shop on level 12 of the Dungeon)
 15607 | D:12     | Noticed an eight-headed hydra
 15620 | D:12     | Killed an eight-headed hydra
 15696 | D:12     | Slain by a very large slime creature

Vault maps used:
D:1:      saegor_arrival_simple_c, minmay_misc_feat_columns
D:2:      minmay_door_path, hangedman_feature_mirror, uniq_natasha, uniq_iyjb,
          uniq_crazy_yiuf_cottage
D:3:      minitemple, first_bread, minmay_misc_feat_plants, dk_noncrumbling_4,
          uniq_robin
D:4:      kennysheep_spiral_hall
D:5:      cheibrodos_ashenzari_chains, serial_bayou_pond_a, uniq_grinder,
          uniq_pikel, uniq_edmund
D:6:      kennysheep_little_box, gup_sewer_entry_spiral, uniq_menkaure
D:7:      minmay_temple_entry_junction, uniq_joseph
D:8:      grunt_temple_overflow_gold_and_silver, grunt_pakellas_basics,
          lemuel_zombie_altar_kikubaaqudgha, uniq_gastronok
D:9:      lemuel_mausoleum_altar_yredelemnul, hangedman_tree_tricks,
          nicolae_for_you_no_charge, uniq_erica
D:10:     due_lair_maze_entry_diamond, nicolae_qazlal_style_of_elements
D:11:     david_orc_4, basic_altar
D:12:     minmay_quarter_circles, serial_shops, shop,
          nemelex_xobeh_ov_fountains_minmay
Temple:   temple_island_7
Lair:1:   lab_entry_generic, uniq_urug
Lab:      nicolae_lab_dead_adventurers, lab_statue, nicolae_lab_arrow,
          lab_hedge, lab_fountain, nicolae_lab_stuck,
          labyrinth_skeletal_remains, labyrinth_lava_lair,
          nicolae_lab_very_dead_end, nicolae_lab_quarters
Sewer:    sewer_the_crocodile

Action                   |  1- 3 |  4- 6 |  7- 9 | 10-12 || total
-------------------------+-------+-------+-------+-------++-------
Melee: Short sword       |   225 |    50 |       |       ||   275
       Quarterstaff      |       |   125 |   357 |  1111 ||  1593
Throw: Throwing net      |       |       |     3 |     1 ||     4
 Abil: Breathe Fire      |       |       |    12 |    18 ||    30
Evoke: Wand              |       |    18 |     5 |    28 ||    51
       Rod               |       |       |       |     8 ||     8
  Use: Potion            |       |       |     6 |    11 ||    17
       Scroll            |       |       |       |    26 ||    26
 Stab: Sleeping          |     2 |       |     2 |     4 ||     8
       Petrifying        |       |       |     3 |       ||     3
       Paralysed         |       |       |     2 |       ||     2
       Distracted        |       |       |     1 |       ||     1
       Held in net/web   |       |       |     2 |     5 ||     7
       Confused          |       |       |     2 |       ||     2
       Invisible         |       |       |       |     2 ||     2
  Eat: Chunk             |     2 |     9 |     9 |    23 ||    43
       Fruit             |       |       |     2 |     5 ||     7
       Meat ration       |       |       |       |     2 ||     2
       Beef jerky        |       |       |       |     1 ||     1
